 Dungeon Crawl Stone Soup version 0.30-a0-989-g0d87f670db (webtiles) character file.

Game seed: 10454993513016625102

38605 GloriousHammer the Grappler (level 13, -5/137 HPs)
             Began as a Troll Fighter on Apr 3, 2023.
             Was an Elder of Wu Jian.
             Slain by a black mamba (12 damage)
             ... on level 4 of the Lair of Beasts.
             The game lasted 00:39:45 (14560 turns).

GloriousHammer the Grappler (Troll Fighter)        Turns: 14560, Time: 00:39:46

Health: -5/137     AC: 13    Str: 33    XL:     13   Next: 64%
Magic:  12/12      EV: 10    Int:  8    God:    Wu Jian [****..]
Gold:   722        SH: 11    Dex:  9    Spells: 12/12 levels left

rFire   . . .      SeeInvis .      - Unarmed
rCold   . . .      Faith    .    b - +0 kite shield
rNeg    . . .      Spirit   .    g - +0 acid dragon scales
rPois   .          Reflect  .    (helmet restricted)
rElec   .          Rampage  .    L - +0 cloak {rCorr}
rCorr   +                        (gloves unavailable)
Will    .....                    (boots unavailable)
Stlth   +                        O - amulet of regeneration
HPRegen 2.02/turn                S - +6 ring of strength
MPRegen 0.13/turn                T - +4 ring of protection

@: lethally poisoned (-5 -> -19), studying Axes
A: large, unfitting armour, claws 3, regeneration 1, shaggy fur 1, tough skin 1
a: Renounce Religion, Wall Jump, Serpent's Lash


You were on level 4 of the Lair of Beasts.
You worshipped Wu Jian.
Wu Jian was greatly pleased with you.
You visited 3 branches of the dungeon, and saw 14 of its levels.
You also visited: Sewer.

You collected 866 gold pieces.
You spent 144 gold pieces at shops.

Inventory:

Hand Weapons
 d - a +0 sling
Missiles
 a - 21 poisoned darts
 i - 6 javelins
 H - 5 atropa-tipped darts
Armour
 b - a +0 kite shield (worn)
 g - +0 acid dragon scales (worn)
 k - a +0 robe of positive energy
 L - a +0 cloak of preservation (worn)
Magical Staves
 o - a staff of earth
Jewellery
 F - an amulet of guardian spirit
 N - a ring of positive energy
 O - an amulet of regeneration (around neck)
 R - a ring of resist corrosion
 S - a +6 ring of strength (left claw)
 T - a +4 ring of protection (right claw)
Wands
 n - a wand of iceblast (18)
 p - a wand of paralysis (8) (quivered)
 y - a wand of light (2)
 A - a wand of flame (19)
Scrolls
 e - 9 scrolls of teleportation
 h - 2 scrolls of enchant armour
 l - 2 scrolls of vulnerability
 m - a scroll of fear
 r - 5 scrolls of fog
 s - 3 scrolls of immolation
 B - a scroll of silence
 G - a scroll of poison
 K - a scroll of magic mapping
 M - a scroll of summoning
Potions
 c - 3 potions of might
 f - 4 potions of curing
 j - 6 potions of flight {unknown}
 q - 2 potions of cancellation {unknown}
 t - a potion of degeneration {unknown}
 v - 2 potions of berserk rage {unknown}
 w - 6 potions of haste {unknown}
 z - 3 potions of magic {unknown}
 C - 4 potions of mutation {unknown}
 E - 3 potions of heal wounds {unknown}
 J - a potion of lignification {unknown}
Miscellaneous
 x - a box of beasts


   Skills:
 + Level 11.0 Fighting
 + Level 7.3 Dodging
 + Level 12.0 Shields
 * Level 14.0 Unarmed Combat


You had 12 spell levels left.
You didn't know any spells.
Your spell library contained the following spells:

 Spells                   Type           Power      Damage    Failure   Level
 Sandblast                Erth           0%         2d4       65%         1
 Summon Small Mammal      Summ           0%         N/A       65%         1
 Passwall                 Tmut/Erth      0%         N/A       80%         2
 Scorch                   Fire           0%         2d5       80%         2
 Inner Flame              Hex/Fire       0%         N/A       95%         3
 Stone Arrow              Conj/Erth      0%         3d7       95%         3
 Summon Guardian Golem    Hex/Summ       0%         N/A       95%         3
 Cause Fear               Hex            0%         N/A       100%        4
 Flame Wave               Conj/Fire      0%         2d4       100%        4
 Sticky Flame             Conj/Fire      0%         2d3       100%        4
 Summon Ice Beast         Ice/Summ       0%         N/A       100%        4
 Agony                    Necr           0%         N/A       100%        5
 Summon Forest            Summ/Tloc      0%         N/A       100%        5
 Summon Mana Viper        Hex/Summ       0%         N/A       100%        5
 Summon Cactus Giant      Summ           0%         N/A       100%        6
 Monstrous Menagerie      Summ           0%         N/A       100%        7
 Orb of Destruction       Conj           0%         9d5       100%        7
 Spellforged Servitor     Conj/Summ      0%         N/A       100%        7
 Discord                  Hex            0%         N/A       100%        8


Dungeon Overview and Level Annotations

Branches:
Dungeon (8/15)             Temple (1/1) D:6            Lair (5/5) D:8
 Shoals (0/4) Lair:3        Snake (0/4) Lair:2        Slime (0/5) Lair:5
  Sewer (visited)

Altars:
Cheibriados
Elyvilon
Fedhas
Gozag
Makhleb
Nemelex Xobeh
Okawaru
Ru
Sif Muna
Trog
Vehumet
Wu Jian
Xom
Yredelemnul
Zin
The Shining One
Lugonu

Shops:
D:3 *

Annotations:
D:7 dig vault ettin
Lair:1 exclusion: downstairs
Lair:4 2 transporters, Newt's ghost, journeyman DsVM
Lair:5 exclusions: dire elephant and upstairs


Innate Abilities, Weirdness & Mutations

You are too large for most types of armour.
You have claws for hands.
Your natural rate of healing is unusually fast.
You are covered in fur. (AC +1)
You have tough skin. (AC +1)


Message History

The black mamba bites you!
You are poisoned.
The black mamba poisons you!
You closely miss the black mamba.
You feel very sick.
The yak bellows!
The black mamba closely misses you.
You miss the black mamba.
You feel very sick.
The black mamba bites you but does no damage.
The black mamba barely misses you.
You feel sick. The black mamba barely misses you.
The skyshark closely misses you. x2; You block the skyshark's attack.
You climb upwards.
Level annotation: 2 transporters, Newt's ghost, journeyman DsVM You feel very sick.
There is a stone staircase leading down, spattered with blood here.
You spin and attack the skyshark.
You scratch the skyshark but do no damage.
You spin and attack the black mamba.
You barely miss the black mamba.
You feel sick. You block the black mamba's attack.
The black mamba closely misses you. You block the skyshark's attack.
The skyshark tail-slaps you.
The skyshark tail-slaps you but does no damage.
You spin and attack the black mamba.
You claw the black mamba!
The black mamba is heavily wounded.
You feel sick.
The black mamba bites you but does no damage.
The black mamba closely misses you. You block the skyshark's attack.
The skyshark tail-slaps you but does no damage.
You block the skyshark's attack.
You barely miss the skyshark.
You feel sick. The black mamba bites you!
You barely miss the skyshark.
You feel sick. The black mamba bites you. The skyshark bites you!
The skyshark tastes blood and grows stronger!
The skyshark barely misses you. You block the skyshark's attack.
You block the black mamba's attack.
You closely miss the skyshark.
You feel sick. The black mamba bites you.
You are more poisoned.
The black mamba poisons you! The skyshark barely misses you.
The skyshark tail-slaps you.
The skyshark tail-slaps you but does no damage.
The black mamba bites you!
You barely miss the skyshark.
You feel very sick. You block the black mamba's attack.
The skyshark bites you but does no damage.
The skyshark tail-slaps you! You block the skyshark's attack.
You spin and attack the black mamba.
You claw the black mamba!
The black mamba is severely wounded.
You feel very sick. The black mamba barely misses you.
The black mamba bites you!
You are more poisoned.
The black mamba poisons you!
You spin and attack the black mamba.
You completely miss the black mamba.
The black mamba is severely wounded.
You feel extremely sick. You block the black mamba's attack.
The black mamba bites you. The skyshark bites you!!
* * * LOW HITPOINT WARNING * * *
The skyshark enters a blood-rage!
The skyshark tail-slaps you.
* * * LOW HITPOINT WARNING * * *
The skyshark tail-slaps you.
* * * LOW HITPOINT WARNING * * *
Aiming: Paralyse
Press: ? - help, Shift-Dir - straight line, f - skyshark
Aim: a skyshark (berserk, chance to affect: 31%)
Okay, then.
Okay, then.
Okay, then.
Okay, then.
Read: scroll of fear
Press: ? - help, Q - select action, (/) - cycle Dir - look around, f - activate Look: a black mamba (severely wounded, chance to affect: 97%)
Okay, then.
Aiming: Paralyse
Press: ? - help, Q - select action, (/) - cycle Shift-Dir - straight line, f - skyshark
Aim: a skyshark (berserk, chance to affect: 31%)
The skyshark suddenly stops moving!
You feel very sick. The black mamba barely misses you.
The black mamba bites you.
* * * LOW HITPOINT WARNING * * *
You are more poisoned.
The black mamba poisons you!
The helpless skyshark fails to defend itself.
You eviscerate the skyshark!!!
The skyshark is moderately wounded.
* * * LOW HITPOINT WARNING * * *
You feel extremely sick. The black mamba bites you.
* * * LOW HITPOINT WARNING * * *
The helpless skyshark fails to defend itself.
You eviscerate the skyshark!!!
The skyshark is severely wounded.
* * * LOW HITPOINT WARNING * * *
You feel extremely sick. The black mamba bites you!
* * * LOW HITPOINT WARNING * * *
The black mamba bites you!
You die...

.......PP..##..#.#####.P# ####.#
....#.......#...## #...### ###
.................###P...P# #P
...#........###.........## #.
............####........# ##
.<...........###........## #
รท...........#...>...#....# #
......##........lS.......#
#.....##........@..>...###
.#(..###...............##
#.....##..#..#..........##
......P.##...........#...##
..........##.###P....##...######
.......#.####.##....###...##...##
.##....#.#....##....####........#
.....................####.......#
....##....#...........# ##......#


You could see a skyshark (berserk, paralysed) and a black mamba.

Vanquished Creatures
  Kirke (Lair:4)
  4 hydras
  A catoblepas (Lair:4)
  A boulder beetle (D:7)
  3 death yaks (Lair:2)
  2 skysharks
  A sea snake (Lair:3)
  2 oklob plants
  5 elephants (Lair:4)
  7 black mambas
  Maurice (D:8)
  12 cane toads
  A torpor snail (Lair:3)
  5 rime drakes
  8 komodo dragons
  2 polar bears
  Grinder (D:5)
  24 blink frogs
  A wyvern (D:7)
  43 yaks
  6 basilisks
  A steam dragon (Lair:4)
  7 hogs
  An acid dragon (D:8)
  Duvessa (D:5)
  15 water moccasins
  An ice beast (D:5)
  A sky beast (D:7)
  A black bear (D:6)
  3 centaurs (D:5)
  2 ogres
  2 kobold brigands
  2 phantoms
  9 bullfrogs
  2 gnoll sergeants
  4 scorpions
  Dowan (D:5)
  18 wights
  A howler monkey (D:5)
  A crimson imp (D:7)
  5 hounds
  3 jellies
  2 sleepcaps
  Jessica (D:2)
  2 iguanas
  An orc wizard (D:8)
  5 adders
  18 gnolls
  A shadow imp (D:6)
  A white imp (D:6)
  2 ufetubi (D:5)
  4 worms
  4 dart slugs
  8 orcs
  6 ball pythons
  7 endoplasms
  6 giant cockroaches
  6 goblins
  7 hobgoblins
  15 jackals
  20 kobolds
  2 quokkas
  A bat (D:2)
  4 frilled lizards
  9 rats
344 creatures vanquished.

Vanquished Creatures (others)
  21 fungi
  47 plants
68 creatures vanquished.

Grand Total: 412 creatures vanquished

Notes
Turn   | Place    | Note
-------+----------+-------------------------------------------
     0 | D:1      | GloriousHammer the Troll Fighter began the quest for the
                  | Orb.
     0 | D:1      | Reached XP level 1. HP: 22/22 MP: 0/0
    73 | D:1      | Reached XP level 2. HP: 24/29 MP: 1/1
   244 | D:1      | Reached XP level 3. HP: 36/36 MP: 2/2
  1025 | D:2      | Reached skill level 3 in Unarmed Combat
  1025 | D:2      | Reached XP level 4. HP: 45/45 MP: 3/3
  1113 | D:2      | Identified the +7 whip of Peckeon {freeze, Int+4}
  1125 | D:2      | Noticed Jessica
  1130 | D:2      | Killed Jessica
  1518 | D:3      | You fall into a shaft and drop 2 floors!
  1518 | D:5      | Entered Level 5 of the Dungeon
  1533 | D:5      | Noticed a scorpion
  1605 | D:5      | Noticed a centaur
  1613 | D:5      | Killed a centaur
  1614 | D:5      | Reached XP level 5. HP: 37/53 MP: 4/4
  1646 | D:5      | Reached skill level 4 in Unarmed Combat
  1646 | D:5      | Reached XP level 6. HP: 37/62 MP: 5/5
  1651 | D:5      | Noticed an ice beast
  1669 | D:5      | Killed an ice beast
  1797 | D:4      | Found the +5 robe of Misfortune {Harm *Corrode *Slow EV+5}
  1867 | D:4      | Found a white marble altar of Elyvilon.
  1936 | D:4      | Reached XP level 7. HP: 37/71 MP: 6/6
  2100 | D:3      | Found a sparkling altar of Nemelex Xobeh.
  2206 | D:3      | Found a glowing drain.
  2212 | Sewer    | Entered a sewer
  2492 | Sewer    | Reached skill level 5 in Shields
  2492 | Sewer    | Reached skill level 5 in Unarmed Combat
  2735 | D:3      | Found an ornate altar of the Wu Jian Council.
  2756 | D:3      | Became a worshipper of the Wu Jian Council
  2822 | D:3      | Found Woenn's Assorted Antiques.
  2828 | D:3      | Bought a scroll labelled ESCHIV QASYIKK for 26 gold pieces
  2828 | D:3      | Bought a scroll labelled ESCHIV QASYIKK for 26 gold pieces
  2828 | D:3      | Bought 2 metallic clear potions for 46 gold pieces
  2828 | D:3      | Bought a silvery potion for 23 gold pieces
  2828 | D:3      | Bought a glowing yellow potion for 23 gold pieces
  2976 | D:4      | Got the Verses on Resurrection and Production
  3666 | D:5      | Noticed Dowan
  3667 | D:5      | Noticed Duvessa
  3674 | D:5      | Killed Duvessa
  3684 | D:5      | Reached skill level 5 in Fighting
  3710 | D:5      | Reached XP level 8. HP: 11/80 MP: 7/7
  4027 | D:5      | Reached skill level 6 in Unarmed Combat
  4185 | D:5      | Noticed Grinder
  4191 | D:5      | Killed Grinder
  4191 | D:5      | Reached * piety under Wu Jian
  4319 | D:5      | Killed Dowan
  4467 | D:5      | Found a shimmering blue altar of Sif Muna.
  4583 | D:6      | Found a blossoming altar of Fedhas.
  4928 | D:6      | Reached skill level 7 in Unarmed Combat
  4981 | D:6      | Reached XP level 9. HP: 89/89 MP: 8/8
  5031 | D:6      | Found a staircase to the Ecumenical Temple.
  5303 | Temple   | Entered the Ecumenical Temple
  5398 | D:7      | Noticed a boulder beetle
  5433 | D:7      | Killed a boulder beetle
  5434 | D:7      | Reached skill level 8 in Unarmed Combat
  5490 | D:7      | Reached ** piety under Wu Jian
  5600 | D:7      | Found a shimmering altar of Xom.
  5602 | D:7      | Found a shimmering altar of Xom.
  5602 | D:7      | Found a shimmering altar of Xom.
  5602 | D:7      | Found a shimmering altar of Xom.
  5602 | D:7      | Found a shimmering altar of Xom.
  5602 | D:7      | Found a shimmering altar of Xom.
  5603 | D:7      | Found a shimmering altar of Xom.
  5865 | D:7      | Found a glowing golden altar of the Shining One.
  6042 | D:7      | Reached XP level 10. HP: 102/102 MP: 9/9
  6049 | D:7      | Found a radiant altar of Vehumet.
  6122 | D:7      | Found a burning altar of Makhleb.
  6139 | D:7      | Noticed a fire crab
  6235 | D:7      | Noticed an ettin
  6259 | D:8      | Noticed Maurice
  6279 | D:8      | Killed Maurice
  6416 | D:8      | Noticed a death yak
  6424 | D:8      | Noticed a death yak
  6425 | D:8      | Noticed a death yak
  6425 | D:8      | Noticed a death yak
  6427 | D:8      | Reached skill level 9 in Unarmed Combat
  6568 | D:8      | Noticed a death yak
  6568 | D:8      | Noticed a death yak
  6590 | D:8      | Reached *** piety under Wu Jian
  6614 | D:8      | Found a staircase to the Lair.
  6623 | Lair:1   | Entered Level 1 of the Lair of Beasts
  6632 | Lair:1   | Noticed a cane toad
  6647 | Lair:1   | Killed a cane toad
  7144 | Lair:1   | Noticed a cane toad
  7157 | Lair:1   | Killed a cane toad
  7158 | Lair:1   | Reached skill level 10 in Unarmed Combat
  7204 | Lair:1   | Reached XP level 11. HP: 106/113 MP: 10/10
  7727 | Lair:1   | Reached skill level 10 in Shields
  8394 | Lair:2   | Noticed a death yak
  8394 | Lair:2   | Noticed an oklob plant
  8863 | Lair:2   | Reached skill level 11 in Unarmed Combat
  8963 | Lair:2   | Noticed a death yak
  8981 | Lair:2   | Killed a death yak
  8986 | Lair:2   | Noticed a death yak
  9278 | Lair:2   | Reached XP level 12. HP: 124/126 MP: 11/11
  9285 | Lair:2   | Found a staircase to the Snake Pit.
  9321 | Lair:2   | Reached skill level 5 in Dodging
  9904 | Lair:2   | Identified the +1 pair of gloves of Taclehan {-Tele rF+
                  | rN++ Stlth+}
  9976 | Lair:2   | Reached skill level 10 in Fighting
 10084 | Lair:2   | Killed a death yak
 10084 | Lair:2   | Reached **** piety under Wu Jian
 10088 | Lair:2   | Killed a death yak
 10089 | Lair:2   | Reached skill level 12 in Unarmed Combat
 10859 | Lair:3   | Identified the +1 lajatang of the Sky {freeze, rElec rF+
                  | Str+5 Stlth+}
 10883 | Lair:3   | Noticed a six-headed hydra
 10894 | Lair:3   | Killed a nine-headed hydra
 11131 | Lair:3   | Found a staircase to the Shoals.
 11254 | Lair:3   | Noticed a five-headed hydra
 11273 | Lair:3   | Killed a 12-headed hydra
 11556 | Lair:3   | Reached XP level 13. HP: 134/135 MP: 12/12
 12195 | Lair:4   | You fall into a shaft and drop 1 floor!
 12195 | Lair:5   | Entered Level 5 of the Lair of Beasts
 12201 | Lair:5   | Reached skill level 13 in Unarmed Combat
 12275 | Lair:4   | Found a transporter.
 12281 | Lair:4   | Noticed Newt's ghost (journeyman DsVM)
 12308 | Lair:4   | Found a one-way gate to the infinite horrors of the Abyss.
 12312 | Lair:4   | Noticed a cacodemon
 12320 | Lair:4   | Found a transporter.
 13264 | Lair:5   | Noticed Kirke
 13831 | Lair:4   | Killed Kirke
 13838 | Lair:4   | Reached skill level 14 in Unarmed Combat
 14329 | Lair:5   | Noticed a dire elephant
 14560 | Lair:4   | Slain by a black mamba

Illustrated notes

Levels and vault maps discovered:
D:1:      roderic_crossed_star, layout_basic
D:2:      layout_loops_ring, st_stairs_1, uniq_jessica
D:3:      layout_rooms, lemuel_round_altar, mainiacjoe_overflow_paths,
          gup_sewer_entry_bubbles, serial_shops, shop, hangedman_decor_growths
D:4:      layout_basic, mainiacjoe_overflow_six_doors_small, minmay_pentangle
D:5:      layout_loops_ring, nicolae_sif_muna_little_library,
          minmay_manual_mares, uniq_duvessa, uniq_grinder
D:6:      layout_basic, fedhas_ov_isle_minmay, temple_fountains,
          dreamdust_gnoll_farm
D:7:      layout_loops_ring, makhleb_grotto_becter, vehumet_crystals,
          mainiacjoe_overflow_concentric_impassable, xom_shifter_show,
          serial_bayou_pond_d, minmay_liquid_box
D:8:      layout_basic, dpeg_lair_monsters, uniq_maurice, uniq_psyche
Temple:   corrupted_temple
Lair:1:   layout_long_grid, lemuel_fruit_tree
Lair:2:   layout_regular_city, minmay_snake_entry_six_corridors
Lair:3:   layout_roguey, shoals_dummy_entry
Lair:4:   layout_misc_corridors, gammafunk_ghost_abyssal_escape, st_stairs_3
Lair:5:   gammafunk_lair_ancient_temple, layout_hall_layers,
          minmay_slime_entry_oklob_enclosed, grunt_megastairs_3, uniq_kirke

Skill      XL: |  1  2  3  4  5  6  7  8  9 10 11 12 13 |
---------------+----------------------------------------+-----
Shields        | 3 4 5 6 8 9 10 11 12 | 12.0
Fighting       | 3 4 5 6 7 8 9 10 11 | 11.0
Unarmed Combat | 3 4 5 7 8 10 11 12 14 | 14.0
Dodging        | 4 6 7 |  7.3

Action                     |  1- 3 |  4- 6 |  7- 9 | 10-12 | 13-15 || total
---------------------------+-------+-------+-------+-------+-------++-------
  Melee: Unarmed           |    79 |   111 |   274 |   638 |   228 ||  1330
  Throw: Dart              |       |       |     4 |       |     1 ||     5
         Large rock        |       |       |       |     5 |     5 ||    10
 Invoke: Serpent's Lash    |       |       |       |     7 |     1 ||     8
Ability: Lunge             |       |       |    17 |    35 |    10 ||    62
         Whirlwind         |       |       |     1 |   173 |    57 ||   231
  Evoke: Wand              |       |       |     3 |     5 |    10 ||    18
    Use: Scroll            |       |       |     6 |     9 |     3 ||    18
         Potion            |       |       |     1 |     1 |       ||     2
   Stab: Invisible         |       |       |       |     1 |     2 ||     3
         Petrified         |       |       |       |       |     5 ||     5
         Paralysed         |       |       |       |       |     2 ||     2
         Petrifying        |       |       |       |       |     1 ||     1
 Armour: Robe              |    24 |    23 |    56 |    28 |       ||   131
         Acid dragon scale |       |       |       |   130 |    76 ||   206
  Dodge: Dodged            |    22 |    30 |    75 |   149 |   103 ||   379
  Block: Kite shield       |    29 |    46 |   112 |   201 |   106 ||   494

Table legend: (Time is in decaauts)
 A = Elapsed time spent in this place.
 B = Non-inter-level travel time spent in this place.
 C = Inter-level travel time spent in this place.
 D = Time resting spent in this place.
 E = Time spent auto-exploring this place.
 F = Levels seen in this place.
 G = Mean time per level.
                   A        B        C        D        E       F      G
               +--------+--------+--------+--------+--------+-----+--------+
         Total |  14540 |  14033 |    507 |   4449 |   6015 |  15 |  969.3 |
       Dungeon |   6573 |   6397 |    176 |    944 |   3568 |   8 |  821.6 |
        Temple |     47 |     37 |     10 |      0 |     26 |   1 |   47.0 |
          Lair |   7580 |   7259 |    321 |   3305 |   2339 |   5 | 1516.0 |
         Sewer |    339 |    339 |      0 |    200 |     82 |   1 |  339.0 |
               +--------+--------+--------+--------+--------+-----+--------+

Top non-repeatable levels by time:
  Lair:1: 2087 daAuts
  Lair:3: 1856 daAuts
  Lair:2: 1745 daAuts
  Lair:4: 1724 daAuts
     D:4: 1077 daAuts
     D:5: 1028 daAuts
     D:1: 875 daAuts
     D:7: 869 daAuts
     D:6: 839 daAuts
     D:8: 696 daAuts
     D:2: 636 daAuts
     D:3: 550 daAuts
   Sewer: 339 daAuts
  Lair:5: 165 daAuts
  Temple: 47 daAuts
